 Dungeon Crawl Stone Soup version 0.26-a0-651-gb41185065b (webtiles) character file.

Game seed: 12749022145576995861

(classic levelgen) 165 EnegeticOcto the Sneak (level 5, 36/46 HPs)
             Began as a Deep Dwarf Delver on Oct 24, 2020.
             Quit the game on level 5 of the Dungeon.
             The game lasted 00:00:32 (71 turns).

EnegeticOcto the Sneak (Deep Dwarf Delver)            Turns: 71, Time: 00:00:33

Health: 36/46      AC:  3    Str: 17    XL:     5   Next: 21%
Magic:  4/4        EV: 12    Int: 10    God:
Gold:   0          SH:  0    Dex: 14    Spells: 4/4 levels left

rFire    . . .     SeeInvis .   a - +0 hand axe
rCold    . . .     Faith    .   (no shield)
rNeg     . . .     Spirit   .   b - +0 leather armour
rPois    .         Reflect  .   (no helmet)
rElec    .         Harm     .   (no cloak)
rCorr    .         Rampage  .   (no gloves)
MR       .....                  (no boots)
Stlth    +++.......             (no amulet)
HPRegen  0.00/turn              (no ring)
MPRegen  0.09/turn              (no ring)

@: mildly poisoned (36 -> 36), non-regenerating
A: damage resistance, heal wounds, sense surroundings 1, no regeneration
a: Heal Wounds


You were on level 5 of the Dungeon.
You visited 1 branch of the dungeon, and saw 3 of its levels.

Inventory:

Hand Weapons
 a - a +0 hand axe (weapon)
Armour
 b - a +0 leather armour (worn)
Wands
 g - a wand of digging (3) {@v3}
Scrolls
 c - a scroll of fog
 e - a scroll of fear
 h - a scroll of remove curse {unknown}
Potions
 d - a potion of heal wounds {unknown}
 f - a potion of haste {@q4}


   Skills:
 - Level 2.6 Fighting
 + Level 6.0 Axes
 - Level 2.1 Dodging
 - Level 6.0 Stealth


You had 4 spell levels left.
You didn't know any spells.
Your spell library was empty.

Dungeon Overview and Level Annotations

Branches:
Dungeon (6/15)
 Temple: D:4-7

Altars:


Innate Abilities, Weirdness & Mutations

You are resistant to damage.
You can heal yourself by infusing magical energy.
You passively map a small area around you.
You do not regenerate.


Message History

You are too injured to fight recklessly!
You fail to use your ability.
The worker ant barely misses you. The centaur hits you!
* * * LOW HITPOINT WARNING * * *
You are too injured to fight recklessly!
Your magical essence is drained by the effort!
You feel much better. The centaur barely misses you.
The worker ant closely misses you. The centaur hits you!
The worker ant barely misses you.
You barely miss the centaur.
The centaur is heavily wounded.
You closely miss the worker ant. The centaur closely misses you.
The worker ant barely misses you.
You hit the centaur.
The centaur is heavily wounded.
You barely miss the worker ant. The centaur closely misses you.
The worker ant bites you! The centaur closely misses you.
You hit the centaur but do no damage.
The centaur is heavily wounded.
You barely miss the worker ant. The centaur completely misses you.
The worker ant barely misses you. The centaur hits you.
The worker ant barely misses you.
You barely miss the centaur.
The centaur is heavily wounded.
You hit the worker ant. The centaur hits you. The worker ant bites you.
You are more poisoned.
The worker ant poisons you!
You hit the centaur.
The centaur is severely wounded.
You hit the worker ant but do no damage.
The centaur closely misses you. The worker ant bites you!
The centaur completely misses you.
You are too injured to fight recklessly!
You are too injured to fight recklessly!
You are too injured to fight recklessly!
You are too injured to fight recklessly!
You are too injured to fight recklessly!
You are too injured to fight recklessly!
You are too injured to fight recklessly!
You are too injured to fight recklessly!
You are too injured to fight recklessly!
You feel much better. The worker ant closely misses you. The centaur hits you.
You hit the centaur.
The centaur is almost dead.
You completely miss the worker ant. The centaur hits you.
The worker ant barely misses you. The centaur misses you.
The worker ant closely misses you.
You hit the centaur.
You kill the centaur!
Your Axes skill increases to level 5!
You have reached level 4!
You feel stronger.
You have reached level 5!
You hit the worker ant but do no damage.
The worker ant bites you.
You are more poisoned.
The worker ant poisons you!
You closely miss the worker ant.
The worker ant is heavily wounded.
The worker ant barely misses you.
You barely miss the worker ant.
The worker ant is heavily wounded.
The worker ant completely misses you.
You hit the worker ant.
The worker ant is almost dead.
The worker ant completely misses you. The worker ant bites you.
You are more poisoned.
The worker ant poisons you!
You barely miss the worker ant.
The worker ant is almost dead.
The worker ant bites you.
You are more poisoned.
The worker ant poisons you!
You closely miss the worker ant.
The worker ant is almost dead.
The worker ant bites you but does no damage.
You barely miss the worker ant.
The worker ant is almost dead.
The worker ant bites you but does no damage.
You closely miss the worker ant.
The worker ant is almost dead.
The worker ant closely misses you.
You hit the worker ant.
You kill the worker ant!
Your Axes skill increases to level 6!
No target in view!
No target in view!
No target in view!
No target in view!
Found a fuming amethyst potion.
Things that are here:
a +0 shortbow; 17 arrows Autopickup is now off.
You see here a scroll labeled FOFEID QOPTA.
Press: ? - help, Dir - move target cursor
As you read the scroll labeled FOFEID QOPTA, it crumbles to dust.
It was a scroll of blinking.
You see here a fuming amethyst potion.
d - a fuming amethyst potion Are you sure you want to abandon this character and quit the game? (Confirm with "yes".)

*,* #.* #.#§# ******,*
*,* #.* #.#.# ****,,,,,,*
*,* #.* #.#.# *,,,,,,,,**
*,* ##.###.#.##
*,**,***,* *,*
*#...#.....#####,**,* *,*
*,* *,#.....)........**,*
*,* *,*
*#.#>#..†..######**,* *,*
*,* *#.###<#.## *,* *,*
*,* ##* #.#@# *,* *,**
*,********#.#.#********,*
*,,,
*,,,,,,,,,..#..,,,,,,,,,*
****
**********######*********


There were no monsters in sight!

Vanquished Creatures
  A centaur (D:5)
  A bullfrog (D:6)
  A worker ant (D:5)
3 creatures vanquished.

Notes
Turn   | Place    | Note
-------+----------+-------------------------------------------
     0 | D:5      | EnegeticOcto the Deep Dwarf Delver began the quest for the
                  | Orb.
     0 | D:5      | Reached XP level 1. HP: 20/20 MP: 1/1
     3 | D:6      | Noticed a bullfrog
    21 | D:6      | Killed a bullfrog
    21 | D:6      | Reached XP level 2. HP: 14/27 MP: 2/2
    21 | D:6      | Reached XP level 3. HP: 18/33 MP: 3/3
    29 | D:5      | Noticed a centaur
    53 | D:5      | Killed a centaur
    53 | D:5      | Reached skill level 5 in Axes
    53 | D:5      | Reached XP level 4. HP: 35/40 MP: 3/3
    53 | D:5      | Reached XP level 5. HP: 40/46 MP: 4/4
    71 | D:5      | Quit the game

Illustrated notes

Levels and vault maps discovered:
D:4:      layout_gridville
D:5:      layout_loops_ring, kennysheep_generic_room_11
D:6:      layout_loops_ring, nicolae_overflow_hidden_temple,
          minmay_temple_entry_mist, corexii_hall_statues_deadend

Skill      XL: |  1  2  3  4  5 |
---------------+----------------+-----
Axes           | 4 5 6 |  6.0
Fighting       | |  2.6
Dodging        | |  2.1
Stealth        | |  6.0

Action                   |  1- 3 |  4- 6 || total
-------------------------+-------+-------++-------
Melee: Hand axe          |    27 |     8 ||    35
 Abil: Heal Wounds       |     5 |       ||     5
  Use: Scroll            |     1 |     1 ||     2
 Stab: Sleeping          |     1 |       ||     1
Armor: Leather armour    |     4 |     2 ||     6
Dodge: Dodged            |    41 |     4 ||    45

Table legend: (Time is in decaauts)
 A = Elapsed time spent in this place.
 B = Non-inter-level travel time spent in this place.
 C = Inter-level travel time spent in this place.
 D = Time resting spent in this place.
 E = Time spent auto-exploring this place.
 F = Levels seen in this place.
 G = Mean time per level.
                   A        B        C        D        E       F      G
               +--------+--------+--------+--------+--------+-----+--------+
         Total |     74 |     74 |      0 |      0 |      0 |   3 |   24.7 |
       Dungeon |     74 |     74 |      0 |      0 |      0 |   3 |   24.7 |
               +--------+--------+--------+--------+--------+-----+--------+

Top non-repeatable levels by time:
     D:5: 44 daAuts
     D:6: 27 daAuts
     D:4: 2 daAuts
